 Dungeon Crawl Stone Soup version 0.27-a0-287-gd4424db430 (webtiles) character file.

Game seed: 15819165852532810825

914 runemasterragnar the Ruffian (level 7, -3/57 HPs)
             Began as a Yellow Draconian Transmuter on Feb 9, 2021.
             Was an Initiate of Vehumet.
             Slain by an orc warrior
             ... wielding a +0 hand axe
              (6 damage)
             ... on level 5 of the Dungeon.
             The game lasted 00:11:04 (6244 turns).

runemasterragnar the Ruffian (DrTm)                 Turns: 6244, Time: 00:11:05

Health: -3/57      AC:  8    Str: 12    XL:     7   Next: 82%
Magic:  12/12      EV: 13    Int: 16    God:    Vehumet [......]
Gold:   229        SH:  0    Dex: 11    Spells: 1/12 levels left

rFire    . . .     SeeInvis .     - Unarmed
rCold    . . .     Faith    .   (no shield)
rNeg     . . .     Spirit   .   (armour unavailable)
rPois    .         Reflect  .   (helmet restricted)
rElec    .         Harm     .   (no cloak)
rCorr    +         Rampage  .   (no gloves)
Will     .....                  j - +1 pair of boots
Stlth    +.........             (no amulet)
HPRegen  0.19/turn              (no ring)
MPRegen  0.13/turn              (no ring)

@: confused, flying
A: spit acid, unfitting armour, cold-blooded, acid resistance, AC +6
a: Breathe Acid, Renounce Religion


You were on level 5 of the Dungeon.
You worshipped Vehumet.
Vehumet was noncommittal.
You visited 2 branches of the dungeon, and saw 7 of its levels.

You collected 229 gold pieces.

Inventory:

Hand Weapons
 e - a cursed -2 dagger
Missiles
 l - 25 poisoned darts (quivered)
Armour
 j - a +1 pair of boots (worn)
 n - a +0 buckler
 q - a +1 robe of positive energy
Jewellery
 f - an uncursed amulet of regeneration
 r - an uncursed amulet of magic regeneration {unknown}
Scrolls
 a - a scroll of fog {unknown}
 c - 4 scrolls of teleportation
 g - a scroll of random uselessness {unknown}
 k - 2 scrolls of amnesia {unknown}
 m - a scroll of noise {unknown}
 o - a scroll of blinking {unknown}
Potions
 b - a potion of might
 d - 2 potions of magic
 h - 3 potions of curing
 i - a potion of degeneration
 p - a potion of haste


   Skills:
 + Level 3.5 Fighting
 + Level 3.2 Dodging
 + Level 2.7 Stealth
 * Level 5.3 Unarmed Combat
 + Level 3.3 Spellcasting
 * Level 4.9 Transmutations


You had one spell level left.
You knew the following spells:

 Your Spells              Type           Power        Failure   Level
a - Beastly Appendage     Tmut           36%          2%          1
b - Wereblood             Tmut           18%          3%          2
c - Spider Form           Tmut/Pois      5%           21%         3
d - Blade Hands           Tmut           9%           54%         5

Your spell library contained the following spells:

 Spells                   Type           Power        Failure   Level
 Ice Form                 Ice/Tmut       10%          54%         4


Dungeon Overview and Level Annotations

Branches:
Dungeon (6/15)             Temple (1/1) D:4

Altars:
Ashenzari
Cheibriados
Dithmenos
Elyvilon
Fedhas
Gozag
Hepliaklqana
Kikubaaqudgha
Makhleb
Okawaru
Qazlal
Ru
Trog
Uskayaw
Vehumet
Xom
Yredelemnul
Zin
The Shining One

Annotations:
D:4 Edmund


Innate Abilities, Weirdness & Mutations

You can spit globs of acid.
Your golden yellow scales are hard. (AC +6)
You cannot fit into any form of body armour.
You are cold-blooded and may be slowed by cold attacks.
You are resistant to acid. (rCorr)


Message History

You hear some strange, mumbled words.
Something tries to affect you, but you resist.
You hear some strange, mumbled words.
Something hits you.
You miss the orc warrior.
The orc priest calls down the wrath of Beogh upon you.
You struggle to resist.
Something hits you but does no damage.
The orc warrior hits you with a +0 hand axe!
* * * LOW HITPOINT WARNING * * *
The orc warrior hits you with a +0 hand axe.
* * * LOW HITPOINT WARNING * * *
You completely miss something.
You hear some strange, mumbled words.
Something tries to affect you, but you resist.
You hear some strange, mumbled words.
A puff of flame appears from out of thin air!
The puff of flame hits you!
* * * LOW HITPOINT WARNING * * *
The orc warrior hits you with a +0 hand axe.
You die...

#########...#....#.....<†...+
#....#....#...##....## ##
###'##....#...########### .#
#..#.....#...##....##...
.#####+###..#.....#...'..........
.........#..'.....#...##....##...
....#...##....##...
........#....).oo.#...#.....#....
......[.........@.#...##....'....
...............{..#...##....##.).
.###...###........#...##....##...
.# #...# #.....>..#..........#...
.# #...###..#.....######.....#...
............#..........###+######
...........#................#.<.
...........#................#...
#...###...................#...


You could see an orc warrior and an orc priest.

Vanquished Creatures
  Menkaure (D:4)
  Duvessa (D:4)
  An ogre (D:4)
  Dowan (D:4)
  A howler monkey (D:4)
  A jelly (D:5)
  7 orc priests
  An iguana (D:5)
  A worker ant (D:2)
  3 orc wizards
  A hound zombie (D:5)
  3 adders
  6 worms
  3 dart slugs
  A leopard gecko (D:4)
  23 orcs
  3 bats
  4 giant cockroaches
  3 goblins
  4 hobgoblins
  3 jackals (D:4)
  4 kobolds
  2 quokkas
  A ball python (D:2)
  2 frilled lizards
  A leopard gecko skeleton (D:4)
  6 rats
88 creatures vanquished.

Notes
Turn   | Place    | Note
-------+----------+-------------------------------------------
     0 | D:1      | runemasterragnar the Draconian Transmuter began the quest
                  | for the Orb.
     0 | D:1      | Reached XP level 1. HP: 16/16 MP: 3/3
   487 | D:1      | Reached XP level 2. HP: 20/23 MP: 3/5
   872 | D:2      | Reached XP level 3. HP: 16/28 MP: 4/6
   875 | D:2      | Learned a level 2 spell: Wereblood
   879 | D:2      | Learned a level 3 spell: Spider Form
  1649 | D:2      | Reached skill level 1 in Stealth
  1649 | D:2      | Reached XP level 4. HP: 27/35 MP: 7/7
  3230 | D:4      | Reached XP level 5. HP: 30/41 MP: 5/8
  3600 | D:4      | Found a burning altar of Makhleb.
  3653 | D:4      | Reached skill level 4 in Unarmed Combat
  4097 | D:4      | Noticed Edmund
  4102 | D:4      | Noticed Menkaure
  4585 | D:5      | Entered Level 5 of the Dungeon
  4601 | D:4      | Reached XP level 6. HP: 17/50 MP: 3/10
  5016 | D:4      | Found a staircase to the Ecumenical Temple.
  5016 | D:4      | Noticed Duvessa
  5017 | D:4      | Noticed Dowan
  5038 | D:4      | Killed Duvessa
  5039 | D:4      | Your scales start taking on a golden yellow colour.
  5039 | D:4      | Reached XP level 7. HP: 11/57 MP: 6/11
  5039 | D:4      | Gained mutation: You are resistant to acid. (rCorr) [Yellow
                  | Draconian growth]
  5044 | D:4      | Killed Dowan
  5090 | Temple   | Entered the Ecumenical Temple
  5328 | Temple   | Became a worshipper of Vehumet
  5433 | D:4      | Killed Menkaure
  5434 | D:4      | Reached skill level 5 in Unarmed Combat
  5828 | D:5      | Learned a level 5 spell: Blade Hands
  6244 | D:5      | Slain by an orc warrior

Illustrated notes

Levels and vault maps discovered:
D:1:      scummos_arrival_hexagon, layout_basic
D:2:      layout_basic
D:3:      layout_basic
D:4:      layout_gridville, nicolae_overflow_crystal_walls,
          minmay_temple_entry_glassed_door, uniq_edmund, uniq_duvessa,
          uniq_menkaure
D:5:      layout_gridville, kennysheep_boxes, uniq_crazy_yiuf_cottage
D:6:      layout_basic, chequers_avenue, doesnt_xom_only_xom, uniq_blork_the_orc
Temple:   grunt_wide_crystal_templ

Skill      XL: |  1  2  3  4  5  6  7 |
---------------+----------------------+-----
Dodging        | 2 3 |  3.2
Stealth        | 1 2 |  2.7
Transmutations | 3 4 |  4.9
Fighting       | 2 3 |  3.5
Unarmed Combat | 4 5 |  5.3
Spellcasting   | 3 |  3.3

Action                   |  1- 3 |  4- 6 |  7- 9 || total
-------------------------+-------+-------+-------++-------
Melee: Unarmed           |    85 |   144 |    85 ||   314
       Kick              |     9 |     8 |     3 ||    20
       Headbutt          |     8 |     6 |     1 ||    15
       Tailslap          |     3 |     7 |     4 ||    14
       Punch             |     1 |     2 |       ||     3
Throw: Dart              |     7 |    12 |     4 ||    23
 Cast: Beastly Appendage |    10 |    10 |     3 ||    23
       Spider Form       |       |    10 |     9 ||    19
       Wereblood         |       |     1 |       ||     1
       Blade Hands       |       |       |     1 ||     1
 Abil: Breathe Acid      |       |       |     2 ||     2
       End Transformatio |       |       |     2 ||     2
  Use: Scroll            |       |     9 |       ||     9
       Potion            |       |     5 |     1 ||     6
 Stab: Distracted        |     1 |       |       ||     1
Armor: Skin              |    18 |    23 |    14 ||    55
Dodge: Dodged            |    44 |   105 |    63 ||   212

Table legend: (Time is in decaauts)
 A = Elapsed time spent in this place.
 B = Non-inter-level travel time spent in this place.
 C = Inter-level travel time spent in this place.
 D = Time resting spent in this place.
 E = Time spent auto-exploring this place.
 F = Levels seen in this place.
 G = Mean time per level.
                   A        B        C        D        E       F      G
               +--------+--------+--------+--------+--------+-----+--------+
         Total |   6219 |   6026 |    193 |   1515 |   3543 |   7 |  888.4 |
       Dungeon |   5972 |   5779 |    193 |   1515 |   3317 |   6 |  995.3 |
        Temple |    246 |    246 |      0 |      0 |    226 |   1 |  246.0 |
               +--------+--------+--------+--------+--------+-----+--------+

Top non-repeatable levels by time:
     D:4: 2200 daAuts
     D:3: 1284 daAuts
     D:2: 1016 daAuts
     D:1: 912 daAuts
     D:5: 542 daAuts
  Temple: 246 daAuts
     D:6: 15 daAuts
